 Dungeon Crawl Stone Soup version 0.30-a0-782-ge64f9170bb (webtiles) character file.

Game seed: 6296273097633507147

1045 Leeroy the Carver (level 8, 0/56 HPs)
             Began as a Merfolk Gladiator on Feb 21, 2023.
             Was a Follower of Okawaru.
             Slain by a centaur
             ... wielding a +0 dagger
              (2 damage)
             ... on level 6 of the Dungeon on Feb 22, 2023.
             The game lasted 00:06:57 (4544 turns).

Leeroy the Carver (Merfolk Gladiator)               Turns: 4544, Time: 00:06:57

Health: 0/56       AC:  5    Str: 15    XL:     8   Next: 25%
Magic:  8/8        EV: 14    Int: 13    God:    Okawaru [*.....]
Gold:   162        SH:  0    Dex: 23    Spells: 4/7 levels left

rFire   . . .      SeeInvis .    a - +0 long sword
rCold   . . .      Faith    .    (no shield)
rNeg    . . .      Spirit   .    b - +0 leather armour
rPois   .          Reflect  .    c - +0 helmet
rElec   .          Harm     .    (no cloak)
rCorr   .          Rampage  .    (no gloves)
Will    .....                    s - +0 pair of boots
Stlth   ++                       (no amulet)
HPRegen 0.29/turn                t - +6 ring of intelligence
MPRegen 0.11/turn                p - +6 ring of dexterity

@: no status effects
A: (nimble swimmer 2), mertail
a: Renounce Religion, Heroism


You were on level 6 of the Dungeon.
You worshipped Okawaru.
Okawaru was aware of your devotion.
You visited 1 branch of the dungeon, and saw 6 of its levels.
You also visited: Sewer.

You collected 162 gold pieces.

Inventory:

Hand Weapons
 a - a +0 long sword (weapon)
 h - a +2 dagger of draining
 I - a +1 dagger of venom
Missiles
 d - 3 throwing nets (quivered)
 e - a javelin
Armour
 b - a +0 leather armour (worn)
 c - a +0 helmet (worn)
 s - a +0 pair of boots (worn)
 E - the +0 scale mail "Juloosad" {+Inv Str+6 Int-2}
   (You found it on level 3 of the Dungeon)

   Str:       It affects your strength (+6).
   Int:       It affects your intelligence (-2).
   +Inv:      It lets you turn invisible.
Jewellery
 p - a +6 ring of dexterity (right hand)
 t - a +6 ring of intelligence (left hand)
Wands
 w - a wand of paralysis (13)
 F - a wand of roots (7)
 H - a wand of digging (5)
Scrolls
 i - 5 scrolls of identify {unknown}
 j - 2 scrolls of magic mapping {unknown}
 l - a scroll of acquirement {unknown}
 o - 3 scrolls of enchant weapon {unknown}
 r - a scroll of amnesia {unknown}
 u - 4 scrolls of fear {unknown}
 y - a scroll of silence {unknown}
 C - 2 scrolls of teleportation {unknown}
 D - a scroll of noise {unknown}
 G - 2 scrolls of enchant armour {unknown}
Potions
 f - 2 potions of haste
 g - 2 potions of ambrosia
 k - a potion of curing
 m - 2 potions of might {unknown}
 n - 2 potions of brilliance
 q - 2 potions of flight {unknown}
 v - a potion of invisibility {unknown}
 x - 2 potions of berserk rage {unknown}
 z - a potion of magic {unknown}
 A - a potion of attraction {unknown}
 B - a potion of lignification {unknown}


   Skills:
 - Level 2.1 Fighting
 + Level 11.7 Long Blades
 - Level 2.0 Throwing
 - Level 4.0 Dodging


You had 4 spell levels left.
You knew the following spells:

 Your Spells              Type           Power      Damage    Failure   Level
a - Mephitic Cloud        Conj/Pois/Air  0%         N/A       75%         3

Your spell library contained the following spells:

 Spells                   Type           Power      Damage    Failure   Level
 Magic Dart               Conj           0%         1d3       36%         1
 Cigotuvi's Dreadful Rot  Necr/Pois/Air  0%         N/A       50%         2
 Ensorcelled Hibernation  Hex/Ice        0%         N/A       50%         2
 Passwall                 Tmut/Erth      0%         N/A       50%         2
 Poisonous Vapours        Pois/Air       0%         N/A       50%         2
 Inner Flame              Hex/Fire       0%         N/A       75%         3
 Spider Form              Tmut/Pois      0%         N/A       75%         3
 Stone Arrow              Conj/Erth      0%         3d7       75%         3
 Swiftness                Air            0%         N/A       75%         3
 Anguish                  Hex/Necr       0%         N/A       98%         4
 Flame Wave               Conj/Fire      0%         2d4       98%         4
 Sticky Flame             Conj/Fire      0%         2d3       98%         4
 Lehudib's Crystal Spear  Conj/Erth      0%         10d2      100%        8
 Call Imp                 Summ           Unusable   N/A       N/A         2
 Animate Armour           Summ/Erth      Unusable   N/A       N/A         4

Dungeon Overview and Level Annotations

Branches:
Dungeon (6/15)              Sewer (visited)
 Temple: D:4-7

Altars:
Okawaru
Sif Muna
Xom
Yredelemnul

Shops:
D:1 ?   D:2 =   D:3 [

Annotations:
D:3 1 runed translucent door


Innate Abilities, Weirdness & Mutations

((You are very nimble when in or above water. (Stealth+, EV+, Speed+++)))
Your lower body shifts to a powerful aquatic tail in water.


Message History

The orc warrior hits you with a +0 war axe!
You closely miss the orc warrior.
The orc warrior is heavily wounded.
The orc warrior completely misses you.
The orc wizard points at you and mumbles some strange words.
The puff of flame hits you! The orc warrior completely misses you.
The orc warrior hits you with a +0 war axe!
The orc wizard barely misses you.
The orc warrior hits you with a +0 war axe.
* * * LOW HITPOINT WARNING * * *
Okay, then.
The orc warrior unwields a +0 war axe.
The orc warrior wields a +0 arbalest.
The orc warrior shoots a bolt.
The bolt barely misses you.
The orc wizard casts a spell.
The orc wizard flickers and vanishes!
Deactivating autopickup; reactivate with Ctrl-A.
The orc attacks as you move away! The orc misses you.
A magic dart appears from out of thin air!
The magic dart hits you.
* * * LOW HITPOINT WARNING * * *
The orc warrior shoots a bolt.
The bolt hits you!
* * * LOW HITPOINT WARNING * * *
A centaur comes into view. It is wielding a +0 dagger.
There is an open door here.
The centaur unwields a +0 dagger.
The centaur wields a +0 shortbow.
The centaur shoots an arrow.
The arrow barely misses you.
You close the door.
The centaur shoots an arrow.
The arrow barely misses you.
The centaur shoots an arrow.
The arrow closely misses you.
The centaur shoots an arrow.
The arrow hits you!
* * * LOW HITPOINT WARNING * * *
The centaur unwields a +0 shortbow.
The centaur wields a +0 dagger.
The centaur hits you with a +0 dagger.
* * * LOW HITPOINT WARNING * * *
The centaur barely misses you.
Something unseen opens the door.
The centaur misses you. x2
You slash the centaur!
The centaur is severely wounded.
The centaur hits you with a +0 dagger.
You die...

.......# .......'
#......... ......
......... .....
.......# #..# .......#
#..######......#
#.......#......#.
#...o...#c.....'.
#.o.#####@.....#
..8##..o##..#......#
...##.......#......#
..._#.......'......#
...##...##..#......#
..8##...##..#......#
_## #...#...#......#
########...#...#......#
.......#...##..#......#


You could see a centaur.

Vanquished Creatures
  A black bear (D:6)
  A sky beast (D:6)
  A centaur (D:6)
  2 phantoms
  2 scorpions
  A water moccasin zombie (D:6)
  A centaur zombie (D:6)
  A jelly (D:4)
  An orc priest (D:4)
  A bullfrog zombie (D:6)
  Ijyb (D:3)
  Jessica (D:3)
  An iguana (D:6)
  2 orc wizards
  A killer bee zombie (D:6)
  6 adders
  2 river rats (Sewer)
  7 worms
  A dart slug (D:2)
  10 orcs
  14 endoplasms
  6 giant cockroaches
  8 goblins
  8 hobgoblins
  A quokka (D:1)
  12 ball pythons
  7 bats
  2 frilled lizards
  A goblin skeleton (D:3)
  A goblin zombie (D:3)
  12 kobolds
  11 rats
127 creatures vanquished.

Vanquished Creatures (others)
  A withered plant (D:6)
1 creature vanquished.

Grand Total: 128 creatures vanquished

Notes
Turn   | Place    | Note
-------+----------+-------------------------------------------
     0 | D:1      | Leeroy the Merfolk Gladiator began the quest for the Orb.
     0 | D:1      | Reached XP level 1. HP: 16/16 MP: 1/1
    84 | D:1      | Reached skill level 4 in Long Blades
   137 | D:1      | Reached XP level 2. HP: 22/22 MP: 2/2
   142 | D:1      | Found Sac Wuhe's Magic Scroll Shoppe.
   480 | D:1      | Reached skill level 5 in Long Blades
   480 | D:1      | Reached XP level 3. HP: 27/27 MP: 3/3
   768 | D:2      | Noticed a phantom
   775 | D:2      | Killed a phantom
   776 | D:2      | Reached skill level 6 in Long Blades
   776 | D:2      | Reached XP level 4. HP: 31/33 MP: 4/4
   853 | D:2      | Found Peqiu's Jewellery Shoppe.
   933 | D:2      | Reached XP level 5. HP: 36/38 MP: 5/5
  1324 | D:2      | Reached skill level 7 in Long Blades
  1704 | D:3      | Found a glowing drain.
  1728 | Sewer    | Entered a sewer
  1899 | Sewer    | Reached XP level 6. HP: 36/44 MP: 6/6
  2094 | D:3      | Identified the +0 scale mail "Juloosad" {+Inv Str+6 Int-2}
  2116 | D:3      | Reached skill level 8 in Long Blades
  2252 | D:3      | Found a runed translucent door.
  2252 | D:3      | Noticed a human
  2262 | D:3      | Found a basalt altar of Yredelemnul.
  2314 | D:3      | Learned a level 3 spell: Mephitic Cloud
  2410 | D:3      | Found Uttexul's Antique Armour Shop.
  2488 | D:3      | Noticed Jessica
  2500 | D:3      | Killed Jessica
  2541 | D:3      | Found an iron altar of Okawaru.
  2583 | D:3      | Noticed Ijyb
  2593 | D:3      | Became a worshipper of Warmaster Okawaru
  2626 | D:3      | Killed Ijyb
  3801 | D:5      | Entered Level 5 of the Dungeon
  3810 | D:4      | Reached skill level 9 in Long Blades
  3868 | D:5      | Reached XP level 7. HP: 7/50 MP: 7/7
  4117 | D:6      | Reached skill level 10 in Long Blades
  4188 | D:6      | Reached * piety under Okawaru
  4215 | D:6      | Reached skill level 11 in Long Blades
  4215 | D:6      | Reached XP level 8. HP: 22/56 MP: 8/8
  4499 | D:6      | Found a shimmering blue altar of Sif Muna.
  4520 | D:6      | Found a shimmering altar of Xom.
  4542 | D:6      | HP: 2/56 [centaur/arrow (7)]
  4544 | D:6      | Slain by a centaur

Illustrated notes

Levels and vault maps discovered:
D:1:      nicolae_arrival_memento_mori, layout_loops_cross, serial_shops,
          shop_fountains
D:2:      layout_basic, serial_shops, shop, eino_tiny_chamber
D:3:      corexii_shack_village, layout_rooms, dk_yredelemnul_ordeal,
          mainiacjoe_overflow_cross_hatched, gup_sewer_entry_glass,
          serial_shops, shop, kennysheep_generic_room_6, uniq_jessica, uniq_ijyb
D:4:      layout_cave_pods, nrook_mini_vaults
D:5:      minmay_diamond_boxcup, layout_rooms, minmay_temple_entry_butterflies,
          serial_glass, glass_columns_b, glass_columns_a,
          minmay_fractal_squares_5
D:6:      layout_gridville, nicolae_overflow_hidden_temple, serial_undead,
          serial_undead_f, serial_undead_b, serial_undead_b, serial_undead_c,
          serial_undead_b

Skill      XL: |  1  2  3  4  5  6  7 |
---------------+----------------------+-----
Long Blades    | 4 5 6 7 9 11 | 11.7
Fighting       | |  2.1
Throwing       | |  2.0
Dodging        | |  4.0

Action                     |  1- 3 |  4- 6 |  7- 9 || total
---------------------------+-------+-------+-------++-------
  Melee: Long sword        |    72 |   237 |    76 ||   385
         Punch             |     1 |     4 |     2 ||     7
         Tailslap          |       |     2 |       ||     2
    Use: Potion            |       |     4 |     1 ||     5
   Stab: Sleeping          |     2 |     7 |       ||     9
 Armour: Leather armour    |    28 |    50 |    25 ||   103
  Dodge: Dodged            |    51 |   154 |    67 ||   272

Table legend: (Time is in decaauts)
 A = Elapsed time spent in this place.
 B = Non-inter-level travel time spent in this place.
 C = Inter-level travel time spent in this place.
 D = Time resting spent in this place.
 E = Time spent auto-exploring this place.
 F = Levels seen in this place.
 G = Mean time per level.
                   A        B        C        D        E       F      G
               +--------+--------+--------+--------+--------+-----+--------+
         Total |   4486 |   4437 |     49 |    152 |   3331 |   7 |  640.9 |
       Dungeon |   4206 |   4157 |     49 |    152 |   3153 |   6 |  701.0 |
         Sewer |    280 |    280 |      0 |      0 |    178 |   1 |  280.0 |
               +--------+--------+--------+--------+--------+-----+--------+

Top non-repeatable levels by time:
     D:2: 930 daAuts
     D:4: 928 daAuts
     D:3: 887 daAuts
     D:1: 753 daAuts
     D:6: 575 daAuts
   Sewer: 280 daAuts
     D:5: 131 daAuts
